 Dungeon Crawl Stone Soup version 0.14-a0-3350-g14ab857 (webtiles) character file.

105976 Kae the Shatterer (level 15, -5/136 HPs)
             Began as a Minotaur Fighter on Mar 18, 2014.
             Was the Champion of Okawaru.
             Slain by an orc warrior
             ... wielding a +0,+0 mace
             ... summoned by a boggart
              (17 damage)
             ... on Level 15 of the Dungeon.
             The game lasted 01:18:48 (29931 turns).

Kae the Shatterer (Minotaur Fighter)               Turns: 29931, Time: 01:18:48

HP  -5/136       AC 24     Str 29      XL: 15   Next: 89%
MP  22/22        EV 11     Int 10      God: Okawaru [******]
Gold 2392        SH  0     Dex  9      Spells:  0 memorised, 14 levels left

rFire  + + +     SeeInvis .     b - +3,+10 great mace of Prudence {freeze, rPois rF++ rC++}
rCold  + + +     Clarity  +     B - +1 plate armour {rF+}
rNeg   . . .     Conserve +     (no shield)
rPois  +         rCorr    .     S - +1 hat {Int+3}
rElec  +         rRot     .     (no cloak)
SustAb + .       Spirit   .     O - +1 pair of gloves {Str+3}
rMut   .         Warding  .     p - +0 pair of boots {+Jump}
Saprov . . .     Stasis   .     k - amulet of conservation
MR     +....                    q - ring of sustain abilities
                                t - ring of regeneration

@: about to teleport, heroism, somewhat resistant to hostile enchantments,
extremely unstealthy
A: retaliatory headbutt, horns 2, camouflage 1, clarity, deterioration 1, magic
resistance 1, slow metabolism 1
a: Heroism, Finesse, Renounce Religion, Evoke Jump Attack


You were on level 15 of the Dungeon.
You worshipped Okawaru.
Okawaru was exalted by your worship.
You were near starving.

You visited 4 branches of the dungeon, and saw 28 of its levels.
You also visited: Volcano.

You collected 2537 gold pieces.
You spent 145 gold pieces at shops.

Inventory:

Hand weapons
 a - the +6,+3 morningstar of Brutal Revenge {crush, -Tele +Rage rF+ rC++ Stlth-}
   (Okawaru gifted it to you on level 11 of the Dungeon)

   It inflicts extra damage upon your enemies.
   It protects you from fire.
   It greatly protects you from cold.
   It lets you go berserk.
   It prevents most forms of teleportation.
   It makes you much less stealthy.
 b - the +3,+10 great mace of Prudence (weapon) {freeze, rPois rF++ rC++}
   (Okawaru gifted it to you on level 12 of the Dungeon)

   It has been specially enchanted to freeze those struck by it, causing extra
   injury to most foes and up to double damage against particularly susceptible
   opponents.
   It can also slow down cold-blooded creatures.
   It greatly protects you from fire.
   It greatly protects you from cold.
   It protects you from poison.
 A - the +7,+5 battleaxe of Uzukazez {vamp, Dex+4, unknown}
   (Okawaru gifted it to you on level 15 of the Dungeon)

   It inflicts no extra harm, but heals its wielder somewhat when it strikes a
   living foe.
   It affects your dexterity (+4).
 K - the +6,+7 long sword "Transmigrator" {venom, +Blink rC+, unknown}
   (You took it off a centaur warrior on level 14 of the Dungeon)

   It poisons the flesh of those it strikes.
   It protects you from cold.
   It lets you blink.
 R - a +2,+4 whip of holy wrath
Missiles
 M - 11 tomahawks (quivered)
Armour
 g - a +0 scale mail of fire resistance
 j - the +0 chain mail of the Journeyman {rC+ Acc+3 Curse}
   (Okawaru gifted it to you on level 6 of the Lair of Beasts)

   It affects your accuracy with ranged weapons and melee attacks (+3).
   It protects you from cold.
   It may recurse itself when equipped.
 m - a +2 pair of boots of fire resistance
 p - a +0 pair of boots of jumping (worn)
 B - a +1 plate armour of fire resistance (worn)
 D - the +4 ring mail of the Flute {Int+3 Dam-1}
   (Okawaru gifted it to you on level 14 of the Dungeon)

   It affects your intelligence (+3).
   It affects your damage with ranged weapons and melee attacks (-1).
 O - a +1 pair of gloves of strength (worn)
 S - a +1 hat of intelligence (worn)
Magical devices
 e - a wand of cold (5)
 u - a wand of digging (9)
 E - a wand of hasting (8)
 F - a wand of invisibility (3)
 J - a wand of paralysis (12) {unknown}
 N - a wand of disintegration (9)
Comestibles
 c - 7 bread rations
 s - a cheese
 v - 2 pears
 x - 3 strawberries
 z - 11 grapes
 P - a royal jelly
Scrolls
 d - a scroll of magic mapping
 r - a scroll of enchant weapon III
 C - a scroll of enchant armour
 H - 10 scrolls of identify
 I - 2 scrolls of teleportation
 W - 2 scrolls of recharging
 Y - 5 scrolls of remove curse
 Z - 3 scrolls of vulnerability
Jewellery
 h - an uncursed ring of flight
 k - an amulet of conservation (around neck)
 q - a ring of sustain abilities (right hand)
 t - a ring of regeneration (left hand)
Potions
 i - a potion of berserk rage
 l - a potion of agility
 n - 2 potions of restore abilities
 G - a potion of invisibility
 T - 2 potions of resistance
 V - 5 potions of curing
 X - a potion of might
Books
 w - a book of Power

   Spells                             Type                      Level
   Fulminant Prism                    Conjuration/Hexes            4
   Iskenderun's Mystic Blast          Conjuration                  4
   Venom Bolt                         Conjuration/Poison           5
   Bolt of Magma                      Conjuration/Fire/Earth       5
   Iron Shot                          Conjuration/Earth            6
   Orb of Destruction                 Conjuration                  7
Rods
 L - a +0 rod of the swarm (12/12)
   (You took it off a hill giant on level 15 of the Dungeon)


   Skills:
 * Level 13.3(18.3) Fighting
 - Level 21.3(26.3) Maces & Flails
 * Level 12.7(17.7) Armour
 * Level 11.9(16.9) Dodging
   Level 3.6(8.6) Shields
 + Level 7.3 Invocations
 + Level 7.7 Evocations


You had 14 spell levels left.
You didn't know any spells.

Dungeon Overview and Level Annotations

Branches:
Dungeon (15/15)            Temple (1/1) D:6             Orc (4/4) D:11
    Elf (0/3) Orc:4          Lair (8/8) D:10         Shoals (0/5) Lair:5
  Snake (0/5) Lair:4        Slime (0/6) Lair:6       Vaults (0/5) D:14
 Depths (0/5) D:15

Altars:
Ashenzari
Cheibriados
Dithmenos
Elyvilon
Fedhas
Kikubaaqudgha
Makhleb
Nemelex Xobeh
Okawaru
Sif Muna
Trog
Vehumet
Xom
Yredelemnul
Zin
The Shining One
Beogh
Jiyva

Shops:
Orc:1 *   Orc:4 %(:%**:*


Innate Abilities, Weirdness & Mutations

You reflexively headbutt those who attack you in melee.
You have a pair of horns on your head.
Your skin changes colour to match your surroundings (Stlth).
You possess an exceptional clarity of mind.
Your body is slowly deteriorating.
You are resistant to hostile enchantments.
You have a slow metabolism.


Message History

The orc warrior misses you.
The orc knight hits you but does no damage.
Unknown command.
Unknown command.
Drink which item? (? for menu, Esc to quit)
You feel protected.
The orc sorcerer hits you but does no damage.
The orc sorcerer gestures at you while chanting.
The bolt of fire hits you! You resist.
* * * LOW HITPOINT WARNING * * *
The orc warrior misses you. The orc warrior barely misses you.
Unknown command.
Unknown command.
The orc knight roars a battle-cry!
The orc warriors go into a battle-frenzy!
The orc knight hits you with a battleaxe!
* * * LOW HITPOINT WARNING * * *
The orc sorcerer hits you but does no damage.
The orc warrior misses you. The orc warrior hits you with a mace!
You die...

. #.... #.... ######
## ++#.... ##o#oo#
#J## .....(.#
#.ho@o##.JC#........#
.
##.##o#%...##.......#
..
#..##.§C...>#.......#
...
#...###B...##.......'
.... ###[.#
#...#...)<...# .....
##.## #.##........#
..... ##...##
##.........# .....
#.....# ..........#
.....# ###.....#
#######''##


You could see an orc knight, a goliath beetle, a cyclops, a warg, 2 orc
sorcerers and 3 orc warriors.

Vanquished Creatures
  Snorg (Orc:3)
  A minotaur (shapeshifter) (D:15)
  9 hydras
  4 vault guards (D:14)
  A rakshasa (D:15)
  9 death yaks (Lair:8)
  2 tengu warriors (D:15)
  3 orc high priests (Orc:4)
  7 centaur warriors
  3 very ugly things (D:15)
  2 catoblepae
  Erolcha (Orc:1)
  5 unseen horrors
  10 hill giants
  Pikel (D:8)
  A lindwurm (Lair:3)
  5 orc knights
  Joseph (Orc:3)
  An oklob plant (Lair:7)
  2 griffons
  A cyclops (D:15)
  4 orc sorcerers (Orc:4)
  A manticore (D:11)
  4 elephants (Lair:6)
  A black mamba (Lair:6)
  A mermaid (Lair:5)
  A moth of wrath (shapeshifter) (D:14)
  Maurice (Orc:3)
  A black mamba (shapeshifter) (D:15)
  A molten gargoyle (Lair:3)
  3 octopodes (D:13)
  8 spiny frogs
  3 gargoyles
  2 kobold demonologists
  4 feature mimics
  2 efreet (D:15)
  3 yaktaurs (D:11)
  A centaur zombie (D:13)
  7 trolls
  2 tengu conjurers (D:15)
  A spriggan druid (Lair:8)
  8 komodo dragons
  3 boggarts (D:15)
  A komodo dragon (shapeshifter) (D:15)
  A merfolk (Lair:5)
  A blue devil (D:11)
  10 giant fireflies (Lair:8)
  2 deep elf priests (D:15)
  3 ravens (D:15)
  A trapdoor spider zombie (D:11)
  6 two-headed ogres
  14 blink frogs
  5 slime creatures (D:15)
  3 basilisks
  2 boulder beetles
  5 grizzly bears
  6 deep elf magi
  2 fire elementals (Lair:3)
  15 spriggans
  3 water elementals (D:13)
  A wraith (D:14)
  23 yaks
  An elephant slug (Lair:7)
  2 shadows
  9 ugly things
  3 fire bats (Lair:3)
  2 deep elf fighters
  2 wyverns
  10 vampire mosquitoes
  13 hippogriffs
  A hill giant skeleton (D:15)
  16 wolves
  A hungry ghost (D:14)
  7 sharks
  12 water moccasins
  2 human zombies (D:15)
  3 wargs
  3 necrophages
  3 nagas (Lair:4)
  2 tengu zombies
  7 porcupines
  2 mottled dragons (D:14)
  4 slaves (D:8)
  A dwarf (shapeshifter) (D:15)
  6 spiders (Lair:5)
  25 orc warriors
  11 black bears
  6 giant goldfish
  6 ice beasts
  4 phantoms
  14 ogres
  A yellow wasp (D:15)
  13 crocodiles
  2 boring beetles
  6 sky beasts
  2 big kobolds
  Duvessa (D:9)
  22 centaurs
  7 lava worms (Lair:3)
  21 giant frogs
  10 giant slugs
  Blork the orc (D:7)
  A yaktaur skeleton (D:15)
  A cyclops skeleton (D:13)
  2 eyes of draining
  4 scorpions
  10 killer bees
  A yak skeleton (D:11)
  A tengu skeleton (D:14)
  8 electric eels
  A wight (D:10)
  Dowan (D:9)
  5 goliath beetles
  A two-headed ogre zombie (D:8)
  6 crimson imps
  10 jellies
  13 big fish
  16 hounds
  A two-headed ogre skeleton (D:12)
  36 orc wizards
  9 iguanas
  22 orc priests
  15 worker ants
  12 sheep
  A hound zombie (D:9)
  26 adders
  3 gnolls (D:6)
  6 orc zombies (Orc:4)
  4 shadow imps
  49 green rats
  A giant mite (D:4)
  14 white imps
  A goliath beetle zombie (D:11)
  8 worms
  A giant eyeball (D:10)
  5 giant geckos
  162 orcs
  A ball python (D:1)
  29 bats
  A bat skeleton (D:6)
  10 giant cockroaches
  11 goblins
  16 hobgoblins
  20 jackals
  21 kobolds
  4 giant newts
  2 giant spores (D:11)
  A goblin skeleton (D:5)
  9 quokkas
  31 rats
  A rat skeleton (D:4)
  17 ballistomycetes
  2 fungi (Lair:8)
  2 plants
1135 creatures vanquished.

Vanquished Creatures (others)
  A fire vortex (Lair:3)
  A sky beast (D:11)
  2 giant frogs
  An orc priest (Orc:4)
  2 giant spores
  4 fungi
  A plant (D:13)
12 creatures vanquished.

Grand Total: 1147 creatures vanquished

Notes
Turn   | Place    | Note
--------------------------------------------------------------
     0 | D:1      | Kae, the Minotaur Fighter, began the quest for the Orb.
     0 | D:1      | Reached XP level 1. HP: 19/19 MP: 1/1
   185 | D:1      | Reached XP level 2. HP: 26/26 MP: 1/1
   475 | D:1      | Reached skill level 4 in Maces & Flails
   791 | D:2      | Found a basalt altar of Yredelemnul.
   791 | D:2      | Found a basalt altar of Yredelemnul.
   839 | D:2      | Reached XP level 3. HP: 31/31 MP: 2/2
  1113 | D:2      | Reached skill level 5 in Maces & Flails
  1365 | D:3      | Reached XP level 4. HP: 39/39 MP: 2/2
  1372 | D:3      | Reached skill level 6 in Maces & Flails
  1418 | D:3      | Noticed a centaur
  1422 | D:3      | Killed a centaur
  1422 | D:3      | Reached skill level 7 in Maces & Flails
  1422 | D:3      | Reached XP level 5. HP: 33/45 MP: 2/2
  2254 | D:4      | Reached XP level 6. HP: 45/51 MP: 3/3
  2256 | D:4      | Gained mutation: You possess an exceptional clarity of mind. [potion of mutation]
  2256 | D:4      | Gained mutation: Your body is slowly deteriorating. [potion of mutation]
  2256 | D:4      | Gained mutation: You have a slow metabolism. [potion of mutation]
  2257 | D:4      | Gained mutation: Your skin changes colour to match your surroundings (Stlth). [potion of mutation]
  2257 | D:4      | Gained mutation: You are resistant to hostile enchantments. [potion of mutation]
  2412 | D:4      | Reached skill level 8 in Maces & Flails
  2427 | D:4      | Found a glowing silver altar of Zin.
  2804 | D:4      | Found a blossoming altar of Fedhas.
  2923 | D:4      | Noticed an ogre
  2930 | D:4      | Killed an ogre
  2937 | D:4      | Reached skill level 9 in Maces & Flails
  3090 | D:5      | Entered Level 5 of the Dungeon
  3105 | D:5      | Reached XP level 7. HP: 40/57 MP: 3/3
  3412 | D:6      | Found a sparkling altar of Nemelex Xobeh.
  3416 | D:6      | Found a staircase to the Ecumenical Temple.
  3434 | D:6      | Reached skill level 10 in Maces & Flails
  3445 | D:6      | Got a brightly glowing war axe
  3513 | Temple   | Entered the Ecumenical Temple
  3993 | D:7      | Noticed Blork the orc
  3999 | D:7      | Killed Blork the orc
  4017 | D:7      | Reached skill level 11 in Maces & Flails
  4190 | D:7      | Reached XP level 8. HP: 41/64 MP: 3/3
  4410 | D:8      | Found a shattered altar of Ashenzari.
  4410 | D:8      | Found an ancient bone altar of Kikubaaqudgha.
  4433 | D:8      | Noticed Pikel
  4448 | D:8      | Killed Pikel
  4448 | D:8      | Reached skill level 12 in Maces & Flails
  4717 | D:8      | Reached skill level 13 in Maces & Flails
  4780 | D:8      | Found a basalt altar of Yredelemnul.
  5067 | D:8      | Noticed a hill giant
  5076 | D:8      | Killed a hill giant
  5076 | D:8      | Reached skill level 14 in Maces & Flails
  5076 | D:8      | Reached XP level 9. HP: 27/70 MP: 4/4
  5301 | D:8      | Found a bloodstained altar of Trog.
  5301 | D:8      | Found an iron altar of Okawaru.
  5325 | D:8      | Became a worshipper of Warmaster Okawaru
  6765 | D:6      | Reached skill level 15 in Maces & Flails
  6869 | D:6      | Noticed a seven-headed hydra
  6883 | D:6      | Killed a seven-headed hydra
  6883 | D:6      | Acquired Okawaru's first power
  6883 | D:6      | Reached skill level 16 in Maces & Flails
  7043 | D:9      | Identified the +6,+8 war axe "Oclaink" {drain, +Fly SInv} (You found it on level 6 of the Dungeon)
  7066 | D:8      | Reached XP level 10. HP: 46/77 MP: 4/4
  7154 | D:9      | Noticed Duvessa
  7156 | D:9      | Noticed Dowan
  7168 | D:9      | Killed Duvessa
  7176 | D:9      | Killed Dowan
  8366 | D:9      | Found a shimmering altar of Xom.
  8414 | D:10     | Entered Level 10 of the Dungeon
  8827 | D:10     | Reached skill level 17 in Maces & Flails
  8888 | D:10     | Killed an unseen horror
  9027 | D:10     | Paralysed by a potion of paralysis for 7 turns
  9508 | D:10     | Reached skill level 18 in Maces & Flails
  9521 | D:10     | Paralysed by a giant eyeball for 3 turns
  9525 | D:10     | Paralysed by a giant eyeball for 4 turns
  9533 | D:10     | Found a staircase to the Lair.
 10041 | D:10     | Reached XP level 11. HP: 61/82 MP: 4/4
 10665 | D:10     | Noticed a hill giant
 10675 | D:10     | Killed a hill giant
 10675 | D:10     | Reached skill level 19 in Maces & Flails
 11213 | D:10     | Killed an unseen horror
 11762 | D:11     | Noticed a hill giant
 11763 | D:11     | Found a staircase to the Orcish Mines.
 11769 | D:11     | Killed a hill giant
 11771 | D:11     | Acquired Okawaru's second power
 12133 | D:11     | Reached skill level 20 in Maces & Flails
 12202 | D:11     | Received a gift from Okawaru
 12210 | D:11     | Got a steaming morningstar {god gift}
 12211 | D:11     | Identified the +6,+3 morningstar of Brutal Revenge {crush, -Tele +Rage rF+ rC++ Stlth-} (Okawaru gifted it to you on level 11 of the Dungeon)
 12829 | D:11     | Killed an unseen horror
 13355 | D:11     | Noticed a hill giant
 13362 | D:11     | Killed a hill giant
 13381 | D:11     | Reached XP level 12. HP: 90/90 MP: 5/5
 13658 | D:12     | Reached skill level 21 in Maces & Flails
 14266 | D:12     | Received a gift from Okawaru
 14269 | D:12     | Got a brightly glowing great mace {god gift}
 14275 | D:12     | Identified the +3,+10 great mace of Prudence {freeze, rPois rF++ rC++} (Okawaru gifted it to you on level 12 of the Dungeon)
 14447 | D:13     | Reached skill level 1 in Dodging
 14510 | D:13     | Reached skill level 1 in Evocations
 14839 | D:13     | Reached skill level 5 in Fighting
 14917 | D:13     | Noticed a five-headed hydra
 14922 | D:13     | Killed a five-headed hydra
 14922 | D:13     | Reached skill level 1 in Invocations
 15063 | D:13     | Reached skill level 5 in Armour
 15567 | Lair:1   | Entered Level 1 of the Lair of Beasts
 15760 | Lair:1   | Noticed a seven-headed hydra
 15767 | Lair:1   | Killed a seven-headed hydra
 15862 | Lair:1   | Noticed a seven-headed hydra
 15870 | Lair:1   | Killed a seven-headed hydra
 15870 | Lair:1   | Reached skill level 5 in Dodging
 16110 | Lair:1   | Found a dark tunnel.
 16125 | Volcano  | Entered a volcano
 16143 | Volcano  | Found a radiant altar of Vehumet.
 16328 | Volcano  | Reached XP level 13. HP: 105/105 MP: 12/12
 16484 | Lair:2   | Received a gift from Okawaru
 18251 | Lair:4   | Found a staircase to the Snake Pit.
 18348 | Lair:4   | Found a shimmering altar of Xom.
 19412 | Lair:5   | Found a hole to the Spider Nest.
 19414 | Lair:5   | the hole to the Spider Nest was a mimic.
 20101 | Lair:5   | Found a staircase to the Shoals.
 20238 | Lair:6   | Found a staircase to the Slime Pits.
 20238 | Lair:6   | Found a viscous altar of Jiyva.
 20381 | Lair:6   | Reached skill level 5 in Evocations
 20487 | Lair:6   | Received a gift from Okawaru
 20503 | Lair:6   | Got a transparent chain mail {god gift}
 20519 | Lair:6   | Identified the +0 chain mail of the Journeyman {rC+ Acc+3 Curse} (Okawaru gifted it to you on level 6 of the Lair of Beasts)
 21624 | Lair:7   | Reached XP level 14. HP: 119/119 MP: 17/17
 21691 | Lair:7   | Reached skill level 10 in Fighting
 21910 | Lair:8   | Entered Level 8 of the Lair of Beasts
 22733 | Lair:7   | Reached skill level 10 in Armour
 23539 | Lair:8   | Received a gift from Okawaru
 23689 | Lair:8   | Reached skill level 5 in Invocations
 24284 | Orc:1    | Entered Level 1 of the Orcish Mines
 24439 | Orc:1    | Noticed Erolcha
 24444 | Orc:1    | Killed Erolcha
 24698 | Orc:1    | Found Pnyn's Assorted Antiques.
 24707 | Orc:1    | Bought a steel ring for 130 gold pieces
 24918 | Orc:2    | Found a burning altar of Makhleb.
 25344 | Orc:3    | Noticed Joseph
 25359 | Orc:3    | Killed Joseph
 25359 | Orc:3    | Reached skill level 10 in Dodging
 25372 | Orc:3    | Noticed Snorg
 25384 | Orc:3    | Killed Snorg
 25571 | Orc:3    | Noticed Maurice
 25585 | Orc:3    | Killed Maurice
 26169 | Orc:3    | Found a roughly hewn altar of Beogh.
 26342 | Orc:4    | Entered Level 4 of the Orcish Mines
 26342 | Orc:4    | Found Deklioci's General Store.
 26342 | Orc:4    | Found Cligg's Assorted Antiques.
 26395 | Orc:4    | Bought a potion of poison for 15 gold pieces
 26488 | Orc:4    | Found Fahosoh's Book Shoppe.
 26504 | Orc:4    | Found a staircase to the Elven Halls.
 26636 | Orc:4    | Found Zule's Food Boutique.
 26679 | Orc:4    | HP: 5/125 [chaos spawn[an orc high priest] (13)]
 26679 | Orc:4    | HP: 2/125 [chaos spawn[an orc high priest] (3)]
 26891 | Orc:4    | Found Tearod's General Store.
 26958 | Orc:4    | Reached XP level 15. HP: 103/132 MP: 20/20
 27020 | Orc:4    | Found Yriyji's Antique Weapon Emporium.
 27025 | Orc:4    | Found Rantayna's Food Emporium.
 27355 | Orc:4    | Found Yqymal's Book Boutique.
 27875 | D:14     | Found a gate to the Vaults.
 27881 | D:14     | Received a gift from Okawaru
 28036 | D:14     | Got an ancient ring mail {god gift}
 28053 | D:14     | Identified the +4 ring mail of the Flute {Int+3 Dam-1} (Okawaru gifted it to you on level 14 of the Dungeon)
 29034 | D:14     | Got an uncursed pitted long sword {venom}
 29106 | D:15     | Entered Level 15 of the Dungeon
 29264 | D:15     | Received a gift from Okawaru
 29270 | D:15     | Got a dazzling battleaxe {god gift}
 29813 | D:15     | Received a gift from Okawaru
 29873 | D:15     | Found a staircase to the Depths.
 29931 | D:15     | Slain by an orc warrior

Action                   |  1- 3 |  4- 6 |  7- 9 | 10-12 | 13-15 || total
-------------------------+-------+-------+-------+-------+-------++-------
Melee: Flail             |    95 |   129 |   106 |    11 |       ||   341
       Whip              |       |       |   208 |   512 |       ||   720
       War axe           |       |       |     4 |       |       ||     4
       Morningstar       |       |       |       |   216 |       ||   216
       Great mace        |       |       |       |   180 |  1555 ||  1735
Throw: Tomahawk          |       |       |       |     3 |       ||     3
Invok: Heroism           |       |       |       |     5 |    11 ||    16
       Finesse           |       |       |       |       |     1 ||     1
Evoke: Wand              |       |       |     2 |     9 |     7 ||    18
  Use: Potion            |       |     2 |     5 |    13 |     9 ||    29
       Scroll            |       |     1 |    12 |    11 |    13 ||    37
 Stab: Distracted        |       |       |     2 |       |       ||     2
       Invisible         |       |       |       |     2 |     2 ||     4
